Map: Lightshade LE

Players

Trizztein

  • Race: Zerg Zerg
  • League: Diamond
  • Spawn Location: 5:00

A.I. 1 (Very Easy) - Winner!

  • Race: Terran Terran
  • Spawn Location: 11:00

VOD

Have the link to the VOD?

Description

Time

  • Played on: Jan. 30, 2021, 1:30 p.m.
  • Length: 9:24
Show
View Real Time Build Order
Export as new Build Order

Trizztein Zerg 

Build Orders: Hatch First 

Get SALT Encoding   

  6  0:00  Drone  
  13  0:12  Overlord  
  13  0:16  Drone  
  14  0:31  Drone x2  
  16  0:48  Hatchery  
  15  0:50  Drone  
  15  0:56  Drone  
  17  0:57  Drone  
  18  1:10  Extractor  
  17  1:13  Spawning Pool  
  17  1:16  Drone  
  17  1:19  Drone  
  18  1:27  Drone  
  19  1:38  Drone  
  20  1:59  Overlord  
  20  2:01  Queen x2  
  22  2:02  Zergling x4  
  26  2:11  Drone x2  
  26  2:12  Metabolic Boost  
  28  2:30  Hatchery  
  28  2:32  Drone  
  29  2:37  Drone  
  29  2:45  Drone x2  
  29  2:49  Pneumatized Carapace  
  31  2:55  Queen  
  33  3:00  Overlord  
  33  3:03  Drone  
  35  3:05  Drone  
  35  3:16  Overlord  
  35  3:17  Drone  
  36  3:22  Drone  
  36  3:26  Drone x2  
  39  3:31  Queen  
  41  3:35  Drone x4  
  45  3:42  Drone x2  
  45  3:45  Overlord  
  45  3:47  Drone x2  
  49  4:00  Extractor, Drone x4  
  49  4:01  Roach Warren  
  51  4:05  Drone x3  
  54  4:10  Queen  
  56  4:17  Drone x5  
  56  4:20  Overlord  
  56  4:23  Overlord  
  61  4:29  Drone  
  61  4:30  Extractor  
  61  4:39  Drone x6  
  61  4:44  Drone  
  61  4:45  Drone x4  
  72  4:53  Overlord  
  72  4:55  Overlord  
  72  4:58  Hatchery  
  72  4:59  Queen  
  73  5:10  Drone x8  
  81  5:14  Extractor x2  
  81  5:16  Extractor  
  81  5:18  Overlord x2  
  81  5:19  Overlord  
  78  5:24  Evolution Chamber  
  78  5:25  Lair  
  77  5:31  Drone x5  
  82  5:41  Extractor  
  81  5:54  Extractor, Overlord x2  
  83  5:57  Drone x10  
  83  6:00  Zerg Missile Weapons Level 1  
  83  6:02  Overlord x2  
  90  6:13  Hatchery  
  89  6:23  Roach x8  
  105  6:26  Spore Crawler  
  105  6:27  Spore Crawler  
  105  6:29  Spore Crawler  
  105  6:31  Spore Crawler  
  101  6:36  Glial Reconstitution  
  101  6:39  Roach x8  
  117  6:50  Drone x2  
  117  6:53  Ravager x3  
  117  6:54  Ravager x5  
  127  6:56  Roach x2  
  131  7:05  Ravager  
  131  7:06  Ravager x7  
  131  7:08  Roach x9  
  157  7:31  Roach x3  
  157  7:32  Roach  
  157  7:33  Ravager  
  157  7:34  Hatchery  
  157  7:35  Ravager, Overlord x3  
  166  7:37  Overlord  
  166  7:38  Hatchery  
  165  7:45  Infestation Pit  
  165  7:50  Overlord x3  
  165  7:58  Ravager x4  
  165  7:59  Ravager x4  
  172  8:06  Drone  
  172  8:07  Drone  
  172  8:08  Spine Crawler, Drone  
  172  8:09  Spine Crawler, Drone  
  172  8:11  Spine Crawler x2  
  172  8:15  Spine Crawler  
  172  8:17  Spine Crawler  
  172  8:18  Ravager x5  
  175  8:29  Roach x2  
  175  8:30  Roach x4  
  187  8:53  Extractor  
  187  8:54  Spine Crawler  
  187  8:55  Spine Crawler x2, Drone x3  
  186  8:58  Ravager x6  
  186  9:01  Roach x2  
  196  9:10  Overseer x4  
Show
View Real Time Build Order
Export as new Build Order

A.I. 1 (Very Easy) Terran - Winner!

Build Orders: Reaper Expand 

Get SALT Encoding   

  6  0:00  SCV  
  13  0:13  SCV  
  14  0:18  Supply Depot  
  14  0:41  Barracks  
  14  1:03  Command Center  
  14  1:30  Supply Depot, Orbital Command  
  14  1:31  Marine  
  15  1:35  Refinery  
  15  1:46  Refinery  
  15  1:56  SCV  
  16  2:08  SCV  
  17  2:14  SCV  
  19  2:15  Reaper  
  19  2:21  SCV  
  20  2:29  SCV  
  21  2:36  SCV  
  22  2:43  SCV  
  23  2:50  SCV  
  24  2:57  SCV, Refinery  
  25  3:02  Marine  
  25  3:04  SCV  
  27  3:12  SCV  
  28  3:19  SCV, Factory  
  29  3:41  Refinery  
  29  3:42  SCV  
  30  3:49  SCV  
  30  3:50  Barracks Tech Lab  
  30  3:55  Supply Depot  
  31  3:57  SCV  
  32  4:04  SCV  
  32  4:06  Starport  
  32  4:07  Marine  
  34  4:11  SCV  
  35  4:18  SCV  
  36  4:25  SCV  
  36  4:29  Supply Depot  
  37  4:33  SCV  
  38  4:40  SCV  
  38  4:43  Starport Tech Lab  
  39  4:47  SCV  
  40  4:54  SCV  
  40  4:55  Marine  
  42  5:01  SCV  
  42  5:03  Raven  
  45  5:09  SCV  
  46  5:16  SCV  
  47  5:42  Marauder  
  49  5:46  Raven  
  51  6:29  Marauder  
  53  7:16  Marine  
Tags
 
Add a new tag
Caveats
  • Supply blocks, unpowered buildings, or Contaminate may cause inaccurate times.
  • Supply counts are checked every 10 seconds.